 Dungeon Crawl Stone Soup version 0.28.0-49-g6dfe1f597d (webtiles) character file.

Game seed: 8401578967483956

297 Exodus22XD the Poker (level 6, -1/47 HPs)
             Began as a Demonspawn Gladiator on May 15, 2022.
             Slain by a hornet (5 damage)
             ... while paralysed by a hornet
             ... on level 4 of the Dungeon.
             The game lasted 00:03:18 (3250 turns).

Exodus22XD the Poker (Demonspawn Gladiator)         Turns: 3250, Time: 00:03:18

Health: -1/47      AC: 10    Str: 20 (22) XL:     6   Next: 12%
Magic:  6/6        EV:  2    Int:  9 (10) God:
Gold:   133        SH:  0    Dex: 11 (14) Spells: 5/5 levels left

rFire   . . .      SeeInvis .   a - +0 trident
rCold   . . .      Faith    .   (no shield)
rNeg    . . .      Spirit   .   s - +0 chain mail
rPois   .          Reflect  .   c - +0 helmet
rElec   .          Harm     .   (no cloak)
rCorr   .          Rampage  .   p - +0 pair of gloves
Will    .....                   (no boots)
Stlth   ..........              (no amulet)
HPRegen 0.15/turn               f - +4 ring of slaying
MPRegen 0.10/turn               o - +6 ring of strength

@: paralysed, slowed
A: weakness stinger 2
a: no special abilities


You were on level 4 of the Dungeon.
You visited 1 branch of the dungeon, and saw 4 of its levels.

You collected 133 gold pieces.

Inventory:

Hand Weapons
 a - a +0 trident (weapon)
 r - a +1 hand axe of flaming
Missiles
 d - 3 throwing nets (quivered)
Armour
 b - a +0 leather armour
 c - a +0 helmet (worn)
 e - a +0 ring mail
 p - a +0 pair of gloves (worn)
 s - a +0 chain mail (worn)
Jewellery
 f - a +4 ring of slaying (left hand)
 i - a ring of wizardry
 m - a +6 ring of dexterity
 o - a +6 ring of strength (right hand)
 w - a +6 ring of intelligence
 y - a ring of fire
Scrolls
 h - a scroll of immolation {unknown}
 j - 3 scrolls of amnesia {unknown}
 k - a scroll of holy word {unknown}
 l - 3 scrolls of identify {unknown}
 n - a scroll of magic mapping {unknown}
 u - a scroll of blinking {unknown}
 v - a scroll of noise {unknown}
 x - a scroll of teleportation {unknown}
Potions
 g - a potion of degeneration
 q - 2 potions of curing {unknown}
 t - a potion of brilliance {unknown}
 z - a potion of heal wounds {unknown}


   Skills:
 + Level 3.1 Fighting
 + Level 5.1 Polearms
 + Level 2.0 Throwing
 + Level 1.5 Armour
 + Level 3.2 Dodging
 + Level 0.2 Stealth


You had 5 spell levels left.
You didn't know any spells.
Your spell library contained the following spells:

 Spells                   Type           Power      Damage    Failure   Level
 Summon Small Mammal      Summ           0%         N/A       99%         1
 Summon Lightning Spire   Summ/Air       0%         N/A       100%        4
 Haunt                    Necr/Summ      0%         N/A       100%        7
 Maxwell's Capacitive Co  Air            0%         ∞         100%        8


Dungeon Overview and Level Annotations

Branches:
Dungeon (4/15)
 Temple: D:4-7

Altars:
Sif Muna

Annotations:
D:3 1 runed translucent door, Crazy Yiuf


Innate Abilities, Weirdness & Mutations

You have a tail ending in a sharp stinger.


Message History

No target in view!
No target in view!
No target in view!
An endoplasm comes into view.
The endoplasm quivers.
You reach to attack!
You puncture the endoplasm!
You kill the endoplasm!
No target in view!
There is a stone staircase leading up here.
Found a runed barding.
No target in view!
A hornet comes into view.
Found an escape hatch in the ceiling.
The hornet buzzes angrily.
You see here a +1 barding.
The hornet closely misses you.
You barely miss the hornet. The hornet stings you!
You feel yourself slow down.
The hornet stings you but does no damage.
You barely miss the hornet.
The hornet stings you but does no damage.
The hornet closely misses you. The hornet stings you.
You feel as though you will be slow longer.
You see here a +1 barding.
Okay, then.
Okay, then.
Okay, then.
Okay, then.
It was a potion of degeneration.
There was something very wrong with that liquid.
You feel weakened.
You feel dopey.
You feel clumsy. The hornet stings you!
You suddenly lose the ability to move!
The hornet stings you!
* * * LOW HITPOINT WARNING * * *
You feel as though you will be slow longer.
The hornet stings you!
* * * LOW HITPOINT WARNING * * *
You shrug off the repeated paralysis!
The hornet stings you.
You die...

#..+.._.$#.##.#
#..#..$.$#.##.#
#..#.....#.##.##
#..#######.#...##
#..........>.>.†####
#.#..###...........#
#....######.....##.#
#y.<.........###.#
#@############ #†#
#.# #.# #.# #.#
#.######## #.#
#........# #.#
########.# #.# #.#
#.# #.# #.# ###.###
#.#


You could see a hornet.

Vanquished Creatures
  A bullfrog zombie (D:4)
  2 orc priests
  3 orc wizards
  A gnoll (D:1)
  3 adders
  2 worms (D:3)
  2 dart slugs (D:1)
  11 orcs
  4 endoplasms
  6 giant cockroaches
  10 goblins
  8 hobgoblins
  2 quokkas
  6 ball pythons
  5 bats
  3 frilled lizards
  3 kobolds
  8 rats
80 creatures vanquished.

Notes
Turn   | Place    | Note
-------+----------+-------------------------------------------
     0 | D:1      | Exodus22XD the Demonspawn Gladiator began the quest for the
                  | Orb.
     0 | D:1      | Reached XP level 1. HP: 16/16 MP: 1/1
    60 | D:1      | Reached skill level 3 in Polearms
    60 | D:1      | Gained mutation: You have a small tail. [demonic ancestry]
    60 | D:1      | Reached XP level 2. HP: 18/22 MP: 2/2
   265 | D:1      | Reached XP level 3. HP: 25/28 MP: 3/3
   964 | D:2      | Found a shimmering blue altar of Sif Muna.
  1055 | D:2      | Found a faded altar of an unknown god.
  1619 | D:3      | Reached XP level 4. HP: 34/34 MP: 4/4
  1988 | D:3      | Reached skill level 1 in Armour
  2005 | D:3      | Reached XP level 5. HP: 23/41 MP: 5/5
  2196 | D:3      | Found a runed translucent door.
  2197 | D:3      | Noticed Crazy Yiuf
  2558 | D:3      | Got the Reference Book on Creative Weightlessness
  2577 | D:4      | Found a shimmering blue altar of Sif Muna.
  2600 | D:4      | Reached skill level 4 in Polearms
  2905 | D:4      | Gained mutation: You have a tail ending in a sharp stinger.
                  | [demonic ancestry]
  2905 | D:4      | Reached XP level 6. HP: 38/47 MP: 6/6
  2907 | D:4      | Reached skill level 5 in Polearms
  3244 | D:4      | Noticed a hornet
  3249 | D:4      | Paralysed by a hornet for 2 turns
  3250 | D:4      | Slain by a hornet

Illustrated notes

Levels and vault maps discovered:
D:1:      zaba_arrival_water, layout_basic, grunt_decor_arrowhead
D:2:      layout_loops_ring, basic_altar, shapermc_ecumenical_altar_venn,
          minmay_tall_x
D:3:      layout_loops_ring, uniq_crazy_yiuf_cottage
D:4:      layout_loops_ring, amcnicky_altar_gilded, kennysheep_small_square,
          uniq_eustachio

Skill      XL: |  1  2  3  4  5  6 |
---------------+-------------------+-----
Polearms       | 3 4 5 |  5.1
Dodging        | 3 |  3.2
Throwing       | 2 |  2.0
Fighting       | 3 |  3.1
Armour         | 1 |  1.5
Stealth        | |  0.2

Action                   |  1- 3 |  4- 6 || total
-------------------------+-------+-------++-------
Melee: Trident           |    92 |    99 ||   191
       Tailslap          |     5 |    10 ||    15
  Use: Potion            |       |     1 ||     1
 Stab: Sleeping          |       |     1 ||     1
Armor: Leather armour    |     7 |       ||     7
       Ring mail         |    16 |     3 ||    19
       Chain mail        |       |    28 ||    28
Dodge: Dodged            |    27 |    37 ||    64
